 Dungeon Crawl Stone Soup version 0.27-a0-1090-gb115f176c6 (webtiles) character file.

Game seed: 4178152728764609671

3218 Sikroth the Cleaver (level 9, -10/77 (81) HPs)
             Began as a Minotaur Berserker on Apr 27, 2021.
             Was an Elder of Trog.
             Mangled by a wight
             ... wielding a +0 halberd
              (13 damage)
             ... on level 7 of the Dungeon.
             The game lasted 00:18:29 (8083 turns).

Sikroth the Cleaver (Minotaur Berserker)            Turns: 8083, Time: 00:18:29

HP:   -10/77 (81)   AC:  6    Str: 24    XL:     9   Next: 65%
MP:   8/8           EV:  9    Int:  4    God:    Trog [****..]
Gold: 333           SH: 11    Dex: 17    Spells: 8/8 levels left

rFire    . . .     SeeInvis .   a - +0 hand axe
rCold    . . .     Faith    .   d - +0 kite shield
rNeg     + . .     Spirit   .   B - +1 scale mail {rN+}
rPois    .         Reflect  .   (helmet restricted)
rElec    .         Harm     .   (no cloak)
rCorr    .         Rampage  .   (no gloves)
Will     .....                  G - +0 pair of boots
Stlth    ..........             (no amulet)
HPRegen  0.22/turn              C - +4 ring of protection
MPRegen  0.11/turn              s - +6 ring of dexterity

@: corroded, studying Throwing, lightly drained
A: horns 2, retaliatory headbutt
a: Renounce Religion, Berserk, Trog's Hand, Brothers in Arms


You were on level 7 of the Dungeon.
You worshipped Trog.
Trog was greatly pleased with you.
You visited 2 branches of the dungeon, and saw 8 of its levels.

You collected 333 gold pieces.

Inventory:

Hand Weapons
 a - a +0 hand axe (weapon)
Missiles
 t - a throwing net
Armour
 d - a +0 kite shield (worn)
 B - a +1 scale mail of positive energy (worn)
 G - a +0 pair of boots (worn)
Jewellery
 e - a ring of fire
 g - a ring of fire
 s - a +6 ring of dexterity (right hand)
 C - a +4 ring of protection (left hand)
 D - a ring of magical power
 F - a ring of fire
Wands
 j - a wand of iceblast (21)
 A - a wand of polymorph (7)
Scrolls
 b - 2 scrolls of blinking {unknown}
 c - a scroll of fog {unknown}
 f - 2 scrolls of immolation {unknown}
 i - a scroll of enchant armour {unknown}
 l - a scroll of fear {unknown}
 p - a scroll of magic mapping {unknown}
 r - a scroll of holy word {unknown}
 v - a scroll of noise {unknown}
 w - a scroll of vulnerability {unknown}
 y - 5 scrolls of identify
 z - a scroll of teleportation {unknown}
 E - a scroll of torment {unknown}
Potions
 h - a potion of cancellation {unknown}
 k - 4 potions of curing {unknown}
 m - 2 potions of might
 n - 4 potions of degeneration {unknown}
 o - a potion of lignification
 q - a potion of heal wounds
 u - a potion of resistance
 x - 2 potions of haste {unknown}


   Skills:
 + Level 8.1 Fighting
 * Level 10.8 Axes
 + Level 7.8 Armour
 - Level 2.1 Dodging
 + Level 7.1 Shields


You had 8 spell levels left.
You didn't know any spells.
Your spell library was empty.

Dungeon Overview and Level Annotations

Branches:
Dungeon (7/15)             Temple (1/1) D:5

Altars:
Ashenzari
Cheibriados
Elyvilon
Fedhas
Gozag
Hepliaklqana
Kikubaaqudgha
Makhleb
Nemelex Xobeh
Okawaru
Qazlal
Trog
Uskayaw
Vehumet
Wu Jian
Xom
Zin
The Shining One


Innate Abilities, Weirdness & Mutations

You have a pair of horns on your head.
You reflexively headbutt those who attack you in melee.


Message History

You barely miss the wight.
You headbutt the wight, but do no damage.
The wight is heavily damaged.
You block the wight's attack.
You completely miss the wight. Your headbutt misses the wight.
The wight is heavily damaged.
The wight barely misses you.
You closely miss the wight.
You headbutt the wight, but do no damage.
The wight is heavily damaged.
The wight barely misses you.
You hit the wight but do no damage. Your headbutt misses the wight.
The wight is heavily damaged.
You block the wight's attack.
You hit the wight but do no damage.
The wight is heavily damaged.
The wight hits you with a +0 halberd.
* * * LOW HITPOINT WARNING * * *
You hit the wight but do no damage.
The wight is heavily damaged.
The wight hits you with a +0 halberd!
* * * LOW HITPOINT WARNING * * *
You partially resist.
You feel drained.
You hit the wight but do no damage. Your headbutt misses the wight.
The wight is heavily damaged.
The wight hits you with a +0 halberd!
* * * LOW HITPOINT WARNING * * *
You partially resist.
You feel drained.
You hit the wight but do no damage.
You headbutt the wight, but do no damage.
The wight is heavily damaged.
You block the wight's attack.
You hit the wight but do no damage.
The wight is heavily damaged.
You block the wight's attack.
You closely miss the wight.
You headbutt the wight, but do no damage.
The wight is heavily damaged.
The wight hits you with a +0 halberd!
You die...

#.#.###.#.#.#..
#.........#.#.#
##..........#.#
##....##.#.....#
..........#....#### ##
.>...)....).).....# ..
..#.))....#.).....#.##.#
..#.#).................#
. #.#)#...#.....@z......
. . #.....##.##...#.####
..###.#...##.####...#
..........#..# ...#
####.###.###.# ##.#
.........# #. ##
......#### .........#
.........#


You could see a wight.

Vanquished Creatures
  The ghost of kae the Ruffian, a novice DrTm of Ru (D:6)
  Grinder (D:6)
  Eustachio (D:5)
  A steam dragon (D:7)
  Edmund (D:5)
  A water moccasin (D:6)
  3 ice beasts (D:6)
  2 orc warriors
  A necrophage (D:6)
  A centaur (D:6)
  A phantom (D:5)
  Blork the orc (D:4)
  A bullfrog (D:6)
  A gnoll sergeant (D:5)
  3 scorpions
  A water moccasin skeleton (D:5)
  2 howler monkeys (D:5)
  3 wights (D:7)
  3 hounds
  4 jellies
  2 orc priests (D:6)
  2 centaur skeletons
  Jessica (D:2)
  3 iguanas
  2 orc wizards
  2 bullfrog simulacra (D:6)
  A centaur simulacrum (D:6)
  A hound skeleton (D:4)
  7 gnolls
  A howler monkey zombie (D:6)
  9 adders
  A howler monkey simulacrum (D:6)
  4 white imps
  An ufetubus (D:5)
  4 worms
  3 dart slugs
  26 orcs
  2 bats
  14 endoplasms
  3 giant cockroaches
  7 goblins
  10 hobgoblins
  2 jackals (D:4)
  10 kobolds
  5 quokkas
  11 ball pythons
  6 frilled lizards
  3 rats
176 creatures vanquished.

Vanquished Creatures (others)
  A centaur skeleton (D:5)
  A jelly (D:5)
  5 fungi (D:4)
  9 toadstools (D:4)
16 creatures vanquished.

Grand Total: 192 creatures vanquished

Notes
Turn   | Place    | Note
-------+----------+-------------------------------------------
     0 | D:1      | Sikroth the Minotaur Berserker began the quest for the Orb.
     0 | D:1      | Reached XP level 1. HP: 19/19 MP: 0/0
   212 | D:1      | Reached skill level 4 in Axes
   212 | D:1      | Reached XP level 2. HP: 27/27 MP: 1/1
   618 | D:1      | Reached XP level 3. HP: 33/33 MP: 2/2
   752 | D:1      | Reached ** piety under Trog
  1006 | D:2      | Noticed Jessica
  1014 | D:2      | Reached skill level 1 in Shields
  1020 | D:2      | Killed Jessica
  1021 | D:2      | Reached XP level 4. HP: 7/40 MP: 3/3
  1338 | D:2      | Reached skill level 5 in Axes
  1603 | D:2      | Found a faded altar of an unknown god.
  2035 | D:3      | Reached XP level 5. HP: 42/47 MP: 4/4
  2430 | D:3      | Found a hide-covered altar of Uskayaw.
  2666 | D:4      | Reached XP level 6. HP: 42/55 MP: 5/5
  2747 | D:4      | Reached skill level 6 in Axes
  2780 | D:4      | Noticed Blork the orc
  2790 | D:4      | Killed Blork the orc
  2791 | D:4      | Reached skill level 5 in Fighting
  3116 | D:4      | Reached *** piety under Trog
  3755 | D:4      | Found a sparkling altar of Nemelex Xobeh.
  3844 | D:4      | Reached XP level 7. HP: 57/61 MP: 6/6
  3988 | D:5      | Entered Level 5 of the Dungeon
  4167 | D:5      | Reached skill level 7 in Axes
  4171 | D:5      | HP: 3/61 [poisoned by a gnoll sergeant]
  4358 | D:5      | Noticed Eustachio
  4436 | D:5      | Killed Eustachio
  4437 | D:5      | Reached skill level 5 in Armour
  4746 | D:5      | Reached skill level 8 in Axes
  4746 | D:5      | Reached XP level 8. HP: 65/70 MP: 7/7
  5303 | D:5      | Found a staircase to the Ecumenical Temple.
  5481 | D:5      | Noticed Edmund
  5502 | D:5      | Killed Edmund
  5598 | D:5      | Reached skill level 5 in Shields
  5603 | D:5      | Reached **** piety under Trog
  5833 | Temple   | Entered the Ecumenical Temple
  6205 | D:6      | Noticed Grinder
  6214 | D:6      | Paralysed by Grinder for 2 turns
  6217 | D:6      | Killed Grinder
  6218 | D:6      | Reached skill level 9 in Axes
  6520 | D:6      | Found a runed translucent gate.
  6521 | D:6      | Found a runed translucent gate.
  6521 | D:6      | Found a runed translucent gate.
  6637 | D:6      | Noticed kae's ghost (novice DrTm)
  7101 | D:6      | Reached XP level 9. HP: 50/79 MP: 8/8
  7423 | D:6      | Killed kae's ghost
  7424 | D:6      | Reached skill level 10 in Axes
  8080 | D:7      | HP: 3/78 [wight/+0 halberd (10)]
  8083 | D:7      | Mangled by a wight

Illustrated notes

Levels and vault maps discovered:
D:1:      giann_forest_graveyard, layout_basic, minmay_misc_feat_columns,
          item_on_display_a
D:2:      layout_loops_ring, shapermc_ecumenical_altar_mp_urbaneastern,
          hex_large, minmay_tall_x, uniq_jessica
D:3:      layout_basic, nicolae_uskayaw_dance_hall
D:4:      cheibrodos_fertilizer, layout_loops_corners,
          nemelex_spade_bored_becter, nrook_loot_triangle, uniq_blork_the_orc
D:5:      layout_basic, lemuel_temple_firewalk_b,
          lightli_ossuary_entry_decrepit_ruins, minmay_manual_mandibuliform,
          uniq_edmund, uniq_eustachio
D:6:      layout_basic, gammafunk_ghost_icy, uniq_grinder
D:7:      minmay_chambers_of_sevens, layout_basic, led_sif_book,
          nicolae_ru_the_path_less_chosen, eino_jars
Temple:   eino_temple_scatter_basement

Skill      XL: |  1  2  3  4  5  6  7  8  9 |
---------------+----------------------------+-----
Axes           | 4 5 6 8 9 10 | 10.8
Fighting       | 4 5 6 7 8 |  8.1
Armour         | 3 4 5 6 7 |  7.8
Shields        | 1 2 3 4 6 7 |  7.1
Dodging        | |  2.1

Action                   |  1- 3 |  4- 6 |  7- 9 || total
-------------------------+-------+-------+-------++-------
Melee: Hand axe          |    75 |   160 |   369 ||   604
       Headbutt          |     6 |    30 |    82 ||   118
Invok: Berserk           |     2 |     1 |     4 ||     7
       Trog's Hand       |       |       |     4 ||     4
  Use: Scroll            |       |       |     3 ||     3
Armor: Ring mail         |    24 |    14 |       ||    38
       Scale mail        |       |    36 |   111 ||   147
       Skin              |       |       |     5 ||     5
Dodge: Dodged            |    24 |    53 |   115 ||   192
Block: Kite shield       |    21 |    57 |   210 ||   288

Table legend: (Time is in decaauts)
 A = Elapsed time spent in this place.
 B = Non-inter-level travel time spent in this place.
 C = Inter-level travel time spent in this place.
 D = Time resting spent in this place.
 E = Time spent auto-exploring this place.
 F = Levels seen in this place.
 G = Mean time per level.
                   A        B        C        D        E       F      G
               +--------+--------+--------+--------+--------+-----+--------+
         Total |   8244 |   7929 |    315 |    421 |   5872 |   8 | 1030.5 |
       Dungeon |   8046 |   7750 |    296 |    421 |   5696 |   7 | 1149.4 |
        Temple |    197 |    178 |     19 |      0 |    176 |   1 |  197.0 |
               +--------+--------+--------+--------+--------+-----+--------+

Top non-repeatable levels by time:
     D:5: 2165 daAuts
     D:6: 1588 daAuts
     D:4: 1457 daAuts
     D:2: 1062 daAuts
     D:1: 930 daAuts
     D:3: 637 daAuts
     D:7: 204 daAuts
  Temple: 197 daAuts
